 Dungeon Crawl Stone Soup version 0.29-a0-384-g6960b1960d (webtiles) character file.

Game seed: 1943830996353462219

40 zeratav the Changer (level 3, 0/34 HPs)
             Began as an Octopode Transmuter on May 7, 2022.
             Succumbed to Robin's poison
             ... on level 2 of the Dungeon.
             The game lasted 00:02:24 (1591 turns).

zeratav the Changer (Octopode Transmuter)           Turns: 1591, Time: 00:02:24

Health: 0/34       AC: 21    Str:  9    XL:     3   Next: 50%
Magic:  4/6        EV:  2    Int: 17    God:
Gold:   96         SH:  0    Dex: 12    Spells: 2/6 levels left

rFire   . . .      SeeInvis .   g - +2 dagger (venom) {short}
rCold   . . .      Faith    .   (no shield)
rNeg    . . .      Spirit   .   (helmet currently unavailable)
rPois   +          Reflect  .   (no amulet)
rElec   .          Harm     .   e - ring of resist corrosion
rCorr   +          Rampage  .   k - ring of wizardry
Will    .....      NoTele   +   (no ring)
Stlth   +.........              (no ring)
HPRegen 0.11/turn               (no ring)
MPRegen 0.10/turn               (no ring)
                                (no ring)
                                (no ring)

@: lethally poisoned (0 -> -19), tree-form
A: stationary, stasis, torment immunity, boosted hp, almost no armour,
(amphibious), 8 rings, (camouflage 1), (gelatinous body 1), (nimble swimmer 1),
(tentacles)
a: no special abilities


You were on level 2 of the Dungeon.
You were a tree.
You visited 1 branch of the dungeon, and saw 2 of its levels.

You collected 96 gold pieces.


Innate Abilities, Weirdness & Mutations

You are a tree.
Your roots penetrate the ground, keeping you stationary.
You cannot be teleported.
You are immune to unholy pain and torment.
Your maximum health is greatly increased.
You cannot wear most types of armour.
((You are amphibious.))
You can wear up to eight rings at the same time.
((Your skin changes colour to match your surroundings (Stealth+).))
((Your rubbery body absorbs attacks. (AC +1, EV +1)))
((You are camouflaged when in or above water. (Stealth+)))
((You have tentacles for arms and can constrict up to eight enemies at once.))


   Skills:
 - Level 1.0 Fighting
 - Level 2.0 Dodging
 - Level 3.0 Unarmed Combat
 - Level 2.0 Spellcasting
 + Level 3.8 Transmutations


You had 2 spell levels left.
You knew the following spells:

 Your Spells              Type           Power      Damage    Failure   Level
a - Spider Form           Tmut/Pois      8%         N/A       11%         3
b - Beastly Appendage     Tmut           28%        N/A       1%          1

Your spell library contained the following spells:

 Spells                   Type           Power      Damage    Failure   Level
 Wereblood                Tmut           14%        N/A       2%          2
 Magic Dart               Conj           4%         1d3       8%          1
 Call Imp                 Summ           1%         N/A       12%         2
 Mephitic Cloud           Conj/Pois/Air  1%         N/A       22%         3
 Ice Form                 Ice/Tmut       8%         N/A       32%         4

Inventory:

Hand Weapons
 g - a +2 dagger of venom (weapon) {short}
   (You took it off a goblin on level 1 of the Dungeon)
 i - the +1 dagger "Niotruba" {venom, rC+ rN+ Stlth+, short}
   (You found it on level 2 of the Dungeon)

   It poisons the flesh of those it strikes.
   rC:        It protects you from cold.
   rN:        It protects you from negative energy.
   Stlth:     It makes you more stealthy.
Jewellery
 e - a ring of resist corrosion (left branch)
   (You found it on level 1 of the Dungeon)
 k - a ring of wizardry (right branch)
   (You found it on level 2 of the Dungeon)
Scrolls
 b - 3 scrolls of enchant armour {unknown}
 c - 3 scrolls of identify {unknown}
 d - a scroll of fear {unknown}
 h - a scroll of teleportation {unknown}
 j - a scroll of amnesia {unknown}
Potions
 f - a potion of might {unknown}
 l - a potion of mutation {unknown}

Dungeon Overview and Level Annotations

Branches:
Dungeon (2/15)

Altars:
Hepliaklqana

Annotations:
D:2 Robin

#######.#.........
#.#.######.#
#########.#.# #.#
#...........# #.#
#.###).######.###
###.. #......# #.#
#.... #####g.# #.#
##.#.#
#.g######.#####....#
#..♣...†..##........
#..###.#####.##....#
#.## #.# #.###.#.#
#.# #.# #.# #.#.#
#.# #.# #.# #.#.#
#.# #.# #.###.)(.
#.####.#####.......#
#..........(.#######
######.#####.#


You could see Robin (very poisoned) and a goblin (strong).


Message History

No target in view!
No target in view!
No target in view!
No target in view!
No target in view!
No target in view!
No target in view!
No target in view!
No target in view!
No target in view!
No target in view!
No target in view!
No target in view!
A frilled lizard comes into view.
A hobgoblin comes into view.
The hobgoblin shouts!
The frilled lizard hisses angrily.
You closely miss the frilled lizard. Your grab misses the frilled lizard.
The frilled lizard misses you. x2
You hit the frilled lizard.
You kill the frilled lizard!
The frilled lizard barely misses you.
You hit the hobgoblin. You grab the hobgoblin. You squeeze the hobgoblin.
You kill the hobgoblin!
The frilled lizard misses you.
You hit the frilled lizard.
You kill the frilled lizard!
No target in view!
No target in view!
No target in view!
No target in view!
No target in view!
No target in view!
No target in view!
No target in view!
No target in view!
No target in view!
No target in view!
No target in view!
No target in view!
No target in view!
No target in view!
No target in view!
No target in view!
No target in view!
No target in view!
Robin of the Strong Arm comes into view.
They are wielding a +2 spear of venom.
HP[+2]
You regained 2 hp, and now have 22/23 hp.
Casting: Beastly Appendage (safe; 1% risk of failure)
Confirm with . or Enter, or press ? or * to list all spells.
The spell is quite dangerous to miscast (11% risk of failure)!
Continue anyway?
You turn into a venomous arachnid creature.
Your +2 dagger of venom {short} melds into your body.
Your +2 dagger of venom {short} stops dripping with poison.
Robin shouts!
You hear an angry hiss.
You hear a shout!
MP[-3]
You lost 3 mp, and now have 3/6 mp.
You hear an angry hiss.
You hear a shout!
You hear an angry hiss.
Robin closely misses you.
You barely miss Robin. You hit Robin.
Robin hits you with a +2 spear of venom.
You are lethally poisoned!
HP[-5]
You take 5 damage, and now have 17/23 hp.
MASSIVE DAMAGE!! (PAUSE)
You hit Robin but do no damage.
Robin is poisoned.
You feel very sick. Robin misses you.
HP[-5]
You take 5 damage, and now have 12/23 hp.
MASSIVE DAMAGE!! (PAUSE)
You completely miss Robin.
* * * LOW HITPOINT WARNING * * *
You feel very sick.
A goblin comes into view. It is wielding a +0 dagger.
Robin closely misses you.
HP[-4]
You take 4 damage, and now have 8/23 hp.
Really quaff the potion of lignification?
Your transformation has ended.
Your +2 dagger of venom {short} unmelds from your body.
Your +2 dagger of venom {short} begins to drip with poison!
You turn into a tree.
Your roots penetrate the ground.
* * * LOW HITPOINT WARNING * * *
You feel very sick.
Robin says, "Feeling lonely?"
Robin hits you but does no damage.
You are more poisoned.
You now have 34 max hp (+11).
You hit Robin.
Robin looks even sicker.
* * * LOW HITPOINT WARNING * * *
You feel very sick.
Robin roars a battlecry!
The goblin goes into a battle-frenzy!
You hear a shout!
HP[-5]
You take 5 damage, and now have 3/34 hp.
You barely miss Robin.
You die...

Skill      XL: |  1  2 |
---------------+-------+-----
Transmutations | 3 |  3.8
Fighting       | |  1.0
Dodging        | |  2.0
Unarmed Combat | |  3.0
Spellcasting   | |  2.0

Action                   || total
-------------------------++-------
Melee: Unarmed           ||    32
       Kick              ||     8
       Constrict         ||    15
       Tentacles         ||    11
       Dagger            ||    39
       Punch             ||     1
 Cast: Beastly Appendage ||    10
       Spider Form       ||     1
  Use: Potion            ||     1
 Stab: Sleeping          ||    10
Armor: Skin              ||     2
Dodge: Dodged            ||    39

Levels and vault maps discovered:
D:1:      tarquinn_simple_flora_water_f, layout_rooms,
          hellmonk_ecumenical_altar_leap_of_faith
D:2:      layout_loops_ring, basic_altar, minmay_misc_feat_hallway,
          grunt_decor_arrowhead, minmay_lizard_king, uniq_robin

Notes
Turn   | Place    | Note
-------+----------+-------------------------------------------
     0 | D:1      | zeratav the Octopode Transmuter began the quest for the
                  | Orb.
     0 | D:1      | Reached XP level 1. HP: 13/13 MP: 3/3
     0 | D:1      | magus.rc [v1.9.6]
   371 | D:1      | You pick up a book of Minor Magic and begin reading...
   371 | D:1      | You add the spells Magic Dart, Call Imp and Mephitic Cloud
                  | to your library.
   405 | D:1      | Reached XP level 2. HP: 18/18 MP: 5/5
   466 | D:1      | Reached skill level 3 in Transmutations
   557 | D:1      | Found a faded altar of an unknown god.
   838 | D:2      | Identified the +1 dagger "Niotruba" {venom, rC+ rN+ Stlth+}
  1054 | D:2      | Reached XP level 3. HP: 19/23 MP: 6/6
  1243 | D:2      | Learned a level 3 spell: Spider Form
  1356 | D:2      | Found a hazy altar of Hepliaklqana.
  1580 | D:2      | Noticed Robin
  1589 | D:2      | HP: 8/34 [poisoned by Robin]
  1590 | D:2      | HP: 3/34 [poisoned by Robin]
  1591 | D:2      | Succumbed to Robin's poison

Vanquished Creatures
  A ball python (D:2)
  3 endoplasms
  3 giant cockroaches
  3 goblins
  2 hobgoblins (D:2)
  4 jackals (D:1)
  5 quokkas
  11 frilled lizards
  3 kobolds
  A rat (D:1)
36 creatures vanquished.

Vanquished Creatures (others)
  6 plants (D:2)
6 creatures vanquished.

Grand Total: 42 creatures vanquished

Table legend:
 A = Non-vault XP
 B = Vault XP
 C = Vault XP percentage of total XP
 D = Non-vault monster count
 E = Vault monster count
 F = Vault count percentage of total count
                 A         B        C        D         E       F
            +---------+---------+-------+---------+---------+-------
      Total |      48 |      10 |  17.2 |      27 |       9 |  25.0
            +---------+---------+-------+---------+---------+-------
        D:1 |      24 |       0 |   0.0 |      14 |       0 |   0.0
        D:2 |      24 |      10 |  29.4 |      13 |       9 |  40.9
            +---------+---------+-------+---------+---------+-------

Illustrated notes

Table legend:
 A = Kills in this place as a percentage of kills in entire the game.
 B = Kills by you in this place as a percentage of kills by you in the entire game.
 C = Kills by friends in this place as a percentage of kills by friends in the entire game.
 D = Other kills in this place as a percentage of other kills in the entire game.
 E = Experience gained in this place as a percentage of experience gained in the entire game.
 F = Experience gained in this place divided by the number of levels of this place that you have seen.
                   A       B       C       D       E      F
               +-------+-------+-------+-------+-------+----------------------
         Total | 100.0 | 100.0 |   N/A |   N/A | 100.0 |  29.0
       Dungeon | 100.0 | 100.0 |   N/A |   N/A | 100.0 |  29.0
               +-------+-------+-------+-------+-------+----------------------

Table legend: (Time is in decaauts)
 A = Elapsed time spent in this place.
 B = Non-inter-level travel time spent in this place.
 C = Inter-level travel time spent in this place.
 D = Time resting spent in this place.
 E = Time spent auto-exploring this place.
 F = Levels seen in this place.
 G = Mean time per level.
                   A        B        C        D        E       F      G
               +--------+--------+--------+--------+--------+-----+--------+
         Total |   1587 |   1567 |     20 |     19 |   1321 |   2 |  793.5 |
       Dungeon |   1587 |   1567 |     20 |     19 |   1321 |   2 |  793.5 |
               +--------+--------+--------+--------+--------+-----+--------+

Top non-repeatable levels by time:
     D:1: 811 daAuts
     D:2: 775 daAuts
